 Dungeon Crawl Stone Soup version 0.29.1-1-gd02db6906a (webtiles) character file.

Game seed: 17298070616691035347

1609 sentinel the Magician (level 9, 0/71 HPs)
             Began as a Meteoran Earth Elementalist on Oct 7, 2022.
             Was an Initiate of Cheibriados.
             Slain by an orc
             ... wielding a +0 dagger
              (4 damage)
             ... on level 8 of the Dungeon.
             The game lasted 00:10:33 (1263 turns).

sentinel the Magician (Meteoran Earth Elementalist) Turns: 1263, Time: 00:10:33

Health: 0/71       AC:  2    Str: 12    XL:     9   Next: 39%
Magic:  12/20      EV: 12    Int: 22    God:    Cheibriados [......]
Gold:   0          SH:  0    Dex: 15    Spells: 16/22 levels left

rFire   . . .      SeeInvis .   (no weapon)
rCold   . . .      Faith    .   (no shield)
rNeg    . . .      Spirit   .   a - +0 robe
rPois   .          Reflect  .   (no helmet)
rElec   .          Harm     .   (no cloak)
rCorr   .          Rampage  .   (no gloves)
Will    +....                   (no boots)
Stlth   +.........              (no amulet)
HPRegen 0.21/turn               (no ring)
MPRegen 0.17/turn               (no ring)

@: lethally poisoned (0 -> -14), very slightly contaminated, glowing, very slow
A: sense surroundings 2, otherworldly, glowing, explore regen
a: Renounce Religion


You were on level 8 of the Dungeon.
You worshipped Cheibriados.
Cheibriados was noncommittal.
You visited 2 branches of the dungeon, and saw 9 of its levels.

Inventory:

Missiles
 f - 2 curare-tipped darts
 h - a throwing net
 s - 6 javelins
Armour
 a - a +0 robe (worn)
Scrolls
 g - a scroll of poison
 j - a scroll of butterflies {unknown}
 o - 2 scrolls of amnesia
 p - a scroll of noise {unknown}
 r - a scroll of enchant armour {unknown}
 t - 3 scrolls of teleportation
Potions
 b - a potion of magic
 c - 2 potions of invisibility {unknown}
 d - a potion of might
 e - 3 potions of curing {unknown}
 i - a potion of brilliance {unknown}
 k - a potion of resistance {unknown}
 l - 5 potions of heal wounds {unknown}
 m - 3 potions of attraction {unknown}
 n - a potion of berserk rage {unknown}
 q - a potion of mutation {unknown}
 u - a potion of cancellation {unknown}


   Skills:
 - Level 4.1 Fighting
 - Level 2.4 Dodging
 - Level 1.4 Stealth
 - Level 7.0 Spellcasting
 - Level 5.0 Conjurations
 - Level 4.8 Summonings
 - Level 4.8 Translocations
 - Level 1.2 Transmutations
 * Level 1.1 Fire Magic
 - Level 6.1 Earth Magic


You had 16 spell levels left.
You knew the following spells:

 Your Spells              Type           Power      Damage    Failure   Level
a - Sandblast             Erth           68%        2d15      1%          1
b - Stone Arrow           Conj/Erth      64%        3d11      2%          3
c - Passwall              Tmut/Erth      19%        N/A       2%          2

Your spell library contained the following spells:

 Spells                   Type           Power      Damage    Failure   Level
 Foxfire                  Conj/Fire      84%        2x1d8     2%          1
 Conjure Flame            Conj/Fire      21%        6-21      7%          3
 Petrify                  Tmut/Erth      23%        N/A       19%         4
 Inner Flame              Hex/Fire       10%        N/A       21%         3
 Confusing Touch          Hex            7%         N/A       24%         3
 Flame Wave               Conj/Fire      21%        2d8       24%         4
 Yara's Violent Unravell  Hex/Tmut       5%         3d4       87%         5
 Enfeeble                 Hex            3%         N/A       100%        7
 Malign Gateway           Summ/Tloc      14%        N/A       100%        7
 Summon Horrible Things   Summ           14%        N/A       100%        8


Dungeon Overview and Level Annotations

Branches:
Dungeon (8/15) Zot: 5374   Temple (1/1) D:6 Zot: 849
   Lair: D:8-11

Altars:
Ashenzari
Cheibriados
Dithmenos
Elyvilon
Fedhas
Gozag
Kikubaaqudgha
Nemelex Xobeh
Okawaru
Qazlal
Ru
Sif Muna
Vehumet
Wu Jian
Xom
Yredelemnul
Zin
The Shining One

Shops:
D:2 =

Annotations:
Temple 2 transporters


Innate Abilities, Weirdness & Mutations

You passively map the area around you.
You are easily found by Zot.
You glow in the dark.
You regain HP and MP as you explore.


Message History

There is an open door here.
Things that are here:
a +0 flail; a gnoll corpse You open the door.
There is an open door here.
You open the door.
Found a sacrificial altar of Ru.
There is an open door here.
You open the door.
Found a radiant altar of Vehumet.
There is an open door here.
There is an open door here.
Things that are here:
a +0 flail; a gnoll corpse
Items here: )) [ †.
Magic restored.
HP restored.
Found an escape hatch in the floor. 2 orcs come into view.
The orc shouts! x2
The blast of sand misses the orc.
The blast of sand hits the orc!
You kill the orc!
Cheibriados appreciates the change of pace.
The blast of sand hits the orc!
You kill the orc!
Cheibriados appreciates the change of pace.
Items here: )) [ †.
Okay, then.
Okay, then.
Found a stone staircase leading up.
Found 6 javelins.
There is a stone staircase leading up here.
You climb upwards.
There is a stone staircase leading down here.
Found 16 gold pieces.
Found a shadowy altar of Dithmenos.
Found a scroll labelled KEANUT JUOCROPN.
j - a scroll labelled KEANUT JUOCROPN
Found a stone staircase leading up.
Found an escape hatch in the ceiling.
There is a stone staircase leading up here.
You climb upwards.
There is a stone staircase leading down here.
You climb downwards.
There is a stone staircase leading up here.
Casting: Sandblast (safe; 1% risk of failure)
Confirm with . or Enter, or press ? or * to list all spells.
Aiming: Passwall (safe; 2% risk of failure)
Press: ? - help, Dir - move target A rock wall.
Okay, then.
Casting: Passwall (safe; 2% risk of failure)
Confirm with . or Enter, or press ? or * to list all spells.
You don't know that spell.
Unknown command.
Unknown command.
Casting: Passwall (safe; 2% risk of failure)
Confirm with . or Enter, or press ? or * to list all spells.
Aiming: Passwall (safe; 2% risk of failure)
Press: ? - help, Dir - move target A rock wall.
You begin to meditate on the wall.
You continue meditating on the rock. x3
You finish merging with the rock.
There is a stone staircase leading down here.
You climb downwards.
There is a stone staircase leading up here.
Found a white potion.
s - 6 javelins
Found a ring mail.
e - 3 white potions (gained 1)
You open the door.
There is an open door here.
Found 8 gold pieces.
Found a ruby potion.
Found a quarterstaff.
You see here 8 gold pieces.
Found a stone staircase leading up.
u - a ruby potion
Found a scroll of teleportation.
Found 15 gold pieces.
There is a stone staircase leading up here.
You climb upwards.
There is a stone staircase leading down here.
You climb downwards.
There is a stone staircase leading up here.
Found a falchion.
t - 3 scrolls of teleportation (gained 1)
Casting: Passwall (safe; 2% risk of failure)
Confirm with . or Enter, or press ? or * to list all spells.
Aiming: Passwall (safe; 2% risk of failure)
Press: ? - help, Dir - move target A rock wall.
Magic restored.
You begin to meditate on the wall.
You continue meditating on the rock. x2
You finish merging with the rock.
Found a stone staircase leading down.
The blast of sand hits the orc.
The orc is severely wounded.
The orc shouts! x2; The orc wizard shouts!
The orc hits you with a +0 falchion.
The orc priest miscasts a cantrip.
The blast of sand hits the orc!!
You kill the orc!
Cheibriados thoroughly appreciates the change of pace.
The orc priest hits you from afar with a +0 trident!
The blast of sand hits the orc wizard!!
You kill the orc wizard!
Cheibriados appreciates the change of pace.
The orc barely misses you.
The orc priest miscasts a cantrip.
The orc priest barely misses you. The orc closely misses you.
Your Fire Magic skill increases to level 1!
The blast of sand hits the orc.
The orc is severely wounded.
The orc priest looks encouraged for a moment.
The orc hits you with a +0 whip of venom.
You are poisoned.
The blast of sand misses the orc.
You feel very sick.
The orc priest hits you from afar with a +0 trident.
The orc misses you. The orc priest closely misses you.
The orc hits you with a +0 dagger.
The orc hits you with a +0 whip of venom.
You are more poisoned.
The blast of sand hits the orc but does no damage.
The orc is severely wounded.
You feel very sick.
The orc priest hits you from afar with a +0 trident!
The orc hits you with a +0 whip of venom.
You are more poisoned.
The orc hits you with a +0 dagger.
The blast of sand hits the orc!
You kill the orc!
Cheibriados appreciates the change of pace.
You feel very sick.
The orc priest hits you from afar with a +0 trident!
The orc hits you with a +0 dagger.
The orc priest hits you from afar with a +0 trident.
The orc closely misses you.
Casting: Sandblast (safe; 1% risk of failure)
Confirm with . or Enter, or press ? or * to list all spells.
Aiming: Stone Arrow (mildly dangerous; 2% risk of failure)
Press: ? - help, Shift-Dir - straight line You miscast Stone Arrow.
You are very lightly contaminated with residual magic.
Nothing appears to happen.
You feel very sick.
The orc priest hits you from afar with a +0 trident!
* * * LOW HITPOINT WARNING * * *
The orc hits you with a +0 dagger.
You die...

.#...............<....#
.#....................#
.#########).##..###...#
.##.# ,.######..###..$#
....# ...........)...#
....# ...............#
....# ...............#
...## ,.....###########
...#* ..... #..@#* ...#
........)o.# ...#
..........o# ...#
,...........# .###*
..###...## .# * * > *
#...# , ... , , .....,,
, .... , , ...... ,
.... , ,


You could see an orc priest and an orc.

Vanquished Creatures
  The ghost of Larmestyx the Magician, a novice DjFE of Ashenzari (D:7)
  A wyvern (D:4)
  A sky beast (D:7)
  A kobold brigand (D:7)
  2 scorpions
  A gnoll sergeant (D:8)
  A jelly (D:7)
  An orc priest (D:3)
  A gnoll bouda (D:5)
  7 hounds
  2 orc wizards
  13 gnolls
  5 adders
  A shadow imp (D:5)
  An ufetubus (D:5)
  A dart slug (D:3)
  15 orcs
  2 bats
  4 endoplasms
  3 goblins
  3 hobgoblins
  6 jackals
  4 quokkas
  5 ball pythons
  A frilled lizard (D:3)
  4 kobolds
  2 rats (D:1)
89 creatures vanquished.

Vanquished Creatures (others)
  6 fungi (D:4)
6 creatures vanquished.

Grand Total: 95 creatures vanquished

Notes
Turn   | Place    | Note
-------+----------+-------------------------------------------
     0 | D:1      | sentinel the Meteoran Earth Elementalist began the quest
                  | for the Orb.
     0 | D:1      | Reached XP level 1. HP: 14/14 MP: 5/5
    55 | D:1      | Reached XP level 2. HP: 20/20 MP: 4/6
    76 | D:2      | Found Atoahon's Jewellery Shoppe.
   176 | D:3      | Learned a level 2 spell: Passwall
   191 | D:3      | Found an ornate altar of the Wu Jian Council.
   216 | D:4      | Noticed a hound
   221 | D:3      | Killed a hound
   222 | D:3      | Reached skill level 5 in Earth Magic
   222 | D:3      | Reached XP level 3. HP: 14/26 MP: 5/8
   222 | D:3      | Reached XP level 4. HP: 17/33 MP: 5/9
   294 | D:3      | Learned a level 3 spell: Stone Arrow
   317 | D:3      | Reached XP level 5. HP: 38/38 MP: 8/10
   352 | D:4      | Reached skill level 3 in Spellcasting
   352 | D:4      | Reached skill level 1 in Conjurations
   406 | D:4      | Found an iron altar of Okawaru.
   424 | D:5      | Entered Level 5 of the Dungeon
   427 | D:5      | Reached XP level 6. HP: 34/45 MP: 2/11
   483 | D:4      | Noticed a wyvern
   487 | D:4      | Killed a wyvern
   487 | D:4      | HP: 1/45 [orc/+0 club (4)]
   488 | D:4      | Reached skill level 5 in Conjurations
   488 | D:4      | Reached XP level 7. HP: 2/55 MP: 2/12
   779 | D:5      | Reached skill level 4 in Spellcasting
   780 | D:5      | Reached XP level 8. HP: 52/66 MP: 11/15
   810 | D:6      | Reached skill level 5 in Spellcasting
   840 | D:6      | Found a staircase to the Ecumenical Temple.
   861 | Temple   | Entered the Ecumenical Temple
   861 | Temple   | Found a transporter.
   861 | Temple   | Found a transporter.
   863 | Temple   | Found a transporter.
   863 | Temple   | Found a transporter.
   877 | Temple   | Became a worshipper of Cheibriados the Contemplative
   940 | D:7      | HP: 1/66 [sky beast (6)]
   942 | D:7      | Reached skill level 6 in Spellcasting
   944 | D:7      | Found a glowing golden altar of the Shining One.
  1007 | D:7      | Noticed Larmestyx's ghost (novice DjFE)
  1008 | D:7      | Found a runed translucent door.
  1042 | D:7      | Killed Larmestyx's ghost
  1043 | D:7      | Reached skill level 7 in Spellcasting
  1043 | D:7      | Gained mutation: You passively map the area around you.
                  | [Meteoran growth]
  1043 | D:7      | Reached XP level 9. HP: 58/71 MP: 3/20
  1113 | D:8      | Found a sacrificial altar of Ru.
  1116 | D:8      | Found a radiant altar of Vehumet.
  1149 | D:7      | Found a shadowy altar of Dithmenos.
  1259 | D:8      | Reached skill level 1 in Fire Magic
  1263 | D:8      | Slain by an orc

Illustrated notes

Levels and vault maps discovered:
D:1:      nicolae_arrival_washed_ashore, layout_rooms,
          shapermc_ecumenical_altar_pompeii
D:2:      layout_basic, serial_shops, shop, minmay_heptomino_d4, uniq_natasha,
          uniq_terence
D:3:      layout_basic, lemuel_doored_altar
D:4:      layout_cave_pools, okawaru_trees_1, dreamdust_gnoll_farm
D:5:      minmay_general_purpose_star, layout_rooms, minmay_hedge_maze,
          minmay_misc_feat_encased
D:6:      layout_basic, temple_statues, serial_glass, glass_columns_a,
          glass_columns_c
D:7:      layout_loops_corners, grunt_dithmenos_smoke_and_mirrors,
          mainiacjoe_overflow_brackets, mainiacjoe_overflow_tiny_flanked,
          hellmonk_ghost_happy_afterlife, corexii_checkpoint_b,
          kennysheep_generic_room_7
D:8:      layout_gridville, grunt_temple_overflow_diamond
Temple:   hellmonk_temple_divided_pantheon

Skill      XL: |  1  2  3  4  5  6  7  8  9 |
---------------+----------------------------+-----
Earth Magic    | 4 5 6 |  6.1
Spellcasting   | 3 4 7 |  7.0
Conjurations   | 3 5 |  5.0
Fighting       | 2 4 |  4.1
Summonings     | 4 |  4.8
Translocations | 4 |  4.8
Fire Magic     | 1 |  1.1
Dodging        | |  2.4
Stealth        | |  1.4
Transmutations | |  1.2

Action                   |  1- 3 |  4- 6 |  7- 9 || total
-------------------------+-------+-------+-------++-------
Melee: Hand axe          |       |     7 |       ||     7
       Dagger            |       |       |    14 ||    14
 Cast: Sandblast         |    19 |    37 |    76 ||   132
       Passwall          |       |     1 |     4 ||     5
       Stone Arrow       |       |     5 |    18 ||    23
  Use: Scroll            |       |     2 |     4 ||     6
       Potion            |       |       |     1 ||     1
Armor: Robe              |     1 |    12 |    23 ||    36
Dodge: Dodged            |     3 |    22 |    69 ||    94
